 Dungeon Crawl Stone Soup version 0.31-a0-188-g5e087ee2ca (webtiles) character file.

Game seed: 15965453282104515906

21 qw the Shooter (level 2, 0/16 HPs)
             Began as a Deep Elf Hunter on June 22, 2023.
             Succumbed to their own poison gas
             ... on level 2 of the Dungeon.
             The game lasted 00:00:12 (322 turns).

qw the Shooter (Deep Elf Hunter)                     Turns: 322, Time: 00:00:13

Health: 0/16       AC:  5    Str:  8    XL:     2   Next: 62%
Magic:  4/4        EV: 10    Int: 13    God:
Gold:   45         SH:  0    Dex: 18    Spells: 1/1 levels left

rFire   . . .        Y - +0 shortbow
rCold   . . .        (shield currently unavailable)
rNeg    . . .        e - +0 ring mail
rPois   .            (helmet restricted)
rElec   .            (no cloak)
rCorr   .            (no gloves)
SInv    .            (no boots)
Will    .....        (no amulet)
Stlth   +            (no ring)
HPRegen 0.22/turn    (no ring)
MPRegen 0.09/turn

%: no passive effects
@: lethally poisoned (0 -> -9)
A: antennae 1
a: no special abilities


You were on level 2 of the Dungeon.
You visited 1 branch of the dungeon, and saw 2 of its levels.

You collected 45 gold pieces.


Innate Abilities, Weirdness & Mutations

You have a pair of small antennae on your head.


   Skills:
 - Level 1.5 Fighting
 + Level 6.4 Ranged Weapons
 - Level 2.4 Dodging
 - Level 1.2 Stealth


You had one spell level left.
You didn't know any spells.
Your spell library was empty.

Inventory:

Hand Weapons
 Y - a +0 shortbow (weapon)
Armour
 e - a +0 ring mail (worn)
Wands
 h - a wand of digging (4)
Potions
 f - a potion of degeneration {unknown}
 g - a potion of mutation

Dungeon Overview and Level Annotations

Branches:
Dungeon (2/15)

Altars:


Message History

You kill the kobold!
Found a leather armour.
h - a wand of digging (4)
You now have 45 gold pieces (gained 22).
Things that are here:
a +3 dagger; 8 stones; a kobold corpse
Found a robe.
Found a stone staircase leading up.
Enter note:
306 ||| UPGRADING to +0 ring mail.
You start removing your armour.
You continue taking off your +0 leather armour. x4
You finish taking off your +0 leather armour.
You start putting on your armour.
You continue putting on your +0 ring mail. x5
You finish putting on your +0 ring mail.
316 ||| DROPPING +0 leather armour.
You drop a +0 leather armour.
317 ||| READING scroll labelled BITOT UCUPS.
The air fills with toxic fumes!
As you read the scroll labelled BITOT UCUPS, it crumbles to dust.
It was a scroll of poison.
318 ||| DRINKING 2 viscous silvery potions.
It was a potion of mutation.
You feel extremely strange. A pair of antennae grows on your head!
319 ||| DROPPING scroll of butterflies.
You drop a scroll of butterflies.
(D) Dungeon
Where to? (* - list waypoints, ? - help)
What level of the Dungeon? (default 1, ? - help) Sorry, I don't know how to get there.
Really walk into that cloud of poison gas?
You are engulfed in poison gas.
You are poisoned.
Ouch! That really hurt!
You feel very sick.
Enter note:
321 ||| Stepping ~*~*~tactically~*~*~ (cloud).
You feel very sick.
Things that are here:
a scroll of butterflies; a +0 leather armour
There is a lethal amount of poison in your body!
You die...

###.....#.#
#........#
#>.......#
#........# #
#......#.# #
#.#...##.# #
#.######.#
#### ##.#
###¤.# ...#
###..#
#¤¤@###.#..#
.#%####...##
#.##¤¤¤0¤¤¤.
.#......###
#. #0¤¤¤¤¤¤.
.#####..# #
#¤¤¤¤¤¤¤. ##
#....#
#¤¤0¤¤¤¤.
.###.##.#
#0¤¤¤¤¤¤.
.#...##..
#0¤¤¤¤¤¤.
...# ##.#
.0¤¤¤¤¤¤.
..## ..
....#####


There were no monsters in sight!

Vanquished Creatures
  A dart slug (D:2)
  An endoplasm (D:1)
  4 kobolds
  5 ball pythons
  3 bats (D:1)
  3 goblins
  3 rats
20 creatures vanquished.

Notes
Turn   | Place    | Note
-------+----------+-------------------------------------------
     0 | D:1      | qw the Deep Elf Hunter began the quest for the Orb.
     0 | D:1      | Reached XP level 1. HP: 12/12 MP: 3/3
     0 | D:1      | 0 ||| qw: Version: 0.3-a-9-g12657ce
     0 | D:1      | 0 ||| qw: Game counter: 2735
     0 | D:1      | 0 ||| qw: Always use a shield: true
     0 | D:1      | 0 ||| qw: God list: Okawaru
     0 | D:1      | 0 ||| qw: Allow faded altars: false
     0 | D:1      | 0 ||| qw: Do Orc after D:15 true
     0 | D:1      | 0 ||| qw: Do second Lair branch before Depths: true
     0 | D:1      | 0 ||| qw: Lair rune preference: random
     0 | D:1      | 0 ||| qw: Plans: Normal
     0 | D:1      | 0 ||| PLANNING D:1-11
    70 | D:1      | Reached XP level 2. HP: 16/16 MP: 4/4
    71 | D:1      | Reached skill level 6 in Ranged Weapons
   120 | D:1      | You fall into a shaft and drop 1 floor!
   306 | D:2      | 306 ||| UPGRADING to +0 ring mail.
   316 | D:2      | 316 ||| DROPPING +0 leather armour.
   317 | D:2      | 317 ||| READING scroll labelled BITOT UCUPS.
   318 | D:2      | 318 ||| DRINKING 2 viscous silvery potions.
   318 | D:2      | Gained mutation: You have a pair of small antennae on your
                  | head. [potion of mutation]
   319 | D:2      | 319 ||| DROPPING scroll of butterflies.
   320 | D:2      | HP: 4/16 [poisoned by you (poison gas)]
   321 | D:2      | 321 ||| Stepping ~*~*~tactically~*~*~ (cloud).
   321 | D:2      | HP: 1/16 [poisoned by you (poison gas)]
   322 | D:2      | Succumbed to their own poison gas

Levels and vault maps discovered:
D:1:      dpeg_arrival_ratfight, layout_loops_ring, minmay_split_cup_large
D:2:      layout_rooms, serial_shops, nicolae_shop_window_shopping

Skill      XL: |  1  2 |
---------------+-------+-----
Ranged Weapons | 6 |  6.4
Fighting       | |  1.5
Dodging        | |  2.4
Stealth        | |  1.2

Action                     || total
---------------------------++-------
   Fire: Shortbow          ||    57
    Use: Scroll            ||     1
         Potion            ||     1
 Armour: Leather armour    ||     7
  Dodge: Dodged            ||    13

Table legend:
 A = Non-vault XP
 B = Vault XP
 C = Vault XP percentage of total XP
 D = Non-vault monster count
 E = Vault monster count
 F = Vault count percentage of total count
                 A         B        C        D         E       F
            +---------+---------+-------+---------+---------+-------
      Total |      23 |       7 |  23.3 |      16 |       4 |  20.0
            +---------+---------+-------+---------+---------+-------
        D:1 |       9 |       7 |  43.8 |       7 |       4 |  36.4
        D:2 |      14 |       0 |   0.0 |       9 |       0 |   0.0
            +---------+---------+-------+---------+---------+-------
